[ AOE2 MATCH · #480106551 ]
UnrankedMalay vs Goths
Rival team · WIN
[ REPLAY ANALYSIS · EXTRACTED FROM THE RECORDED GAME ]
Feudal
7:21
Castle
12:34
Imperial
26:25
| APM avg | 19.4 |
| APM peak | 455 |
| eAPM avg | 16.6 |
| Villagers / military | 178 / 1755 |
Focus
⚔️ 53.7% · 🌾 46.3%
Militia ×942 · Battle Elephant ×362 · Skirmisher ×345 · Trade Cart ×115 · Mangonel ×60 · Scout Cavalry ×30
Feudal
6:40
Castle
11:07
Imperial
22:27
| APM avg | 16.3 |
| APM peak | 137 |
| eAPM avg | 14.4 |
| Villagers / military | 178 / 1868 |
Focus
⚔️ 38.2% · 🌾 61.8%
Spearman ×705 · Teutonic Knight ×447 · Knight ×285 · Militia ×247 · Mangonel ×75 · Bombard Cannon ×65
Feudal
6:45
Castle
20:41
Imperial
28:22
| APM avg | 16.4 |
| APM peak | 103 |
| eAPM avg | 13.8 |
| Villagers / military | 252 / 366 |
Focus
⚔️ 27.0% · 🌾 73.0%
Knight ×161 · Scout Cavalry ×157 · Tarkan ×26 · Trade Cart ×24 · Scorpion ×19 · Trebuchet (Packed) ×2
Feudal
7:28
Castle
18:12
Imperial
22:03
| APM avg | 43.3 |
| APM peak | 419 |
| eAPM avg | 32.6 |
| Villagers / military | 214 / 2197 |
Focus
⚔️ 59.2% · 🌾 40.8%
Spearman ×1157 · Battle Elephant ×296 · Ratha (Ranged) ×286 · Scout Cavalry ×262 · Skirmisher ×126 · Elephant Archer ×31
Feudal
8:18
Castle
22:04
Imperial
26:05
| APM avg | 8.0 |
| APM peak | 63 |
| eAPM avg | 7.9 |
| Villagers / military | 86 / 617 |
Focus
⚔️ 73.9% · 🌾 26.1%
Spearman ×494 · Cavalry Archer ×37 · Tarkan ×31 · Militia ×30 · Scout Cavalry ×13 · Trebuchet (Packed) ×4
Feudal
8:27
Castle
13:45
Imperial
27:17
| APM avg | 7.6 |
| APM peak | 81 |
| eAPM avg | 6.4 |
| Villagers / military | 131 / 1099 |
Focus
⚔️ 45.3% · 🌾 54.7%
Spearman ×552 · Militia ×515 · Huskarl ×31 · Monk ×1
Feudal
6:39
Castle
15:10
Imperial
24:46
| APM avg | 21.6 |
| APM peak | 78 |
| eAPM avg | 13.9 |
| Villagers / military | 84 / 1607 |
Focus
⚔️ 57.6% · 🌾 42.4%
Spearman ×652 · Eagle Scout ×221 · Militia ×211 · Plumed Archer ×198 · Skirmisher ×150 · Scorpion ×81
Feudal
7:13
Castle
12:25
Imperial
16:49
| APM avg | 18.4 |
| APM peak | 356 |
| eAPM avg | 14.5 |
| Villagers / military | 88 / 493 |
Focus
⚔️ 41.1% · 🌾 58.9%
Scout Cavalry ×255 · Janissary ×153 · Camel Scout ×61 · Bombard Cannon ×23 · Trade Cart ×8 · Monk ×1
Match map
Initial resources + every placement click. Lines = walls · curves = elevation contours. ◆ gold · ⬟ stone · ● berries · ✦ relic · ◌ wall gap
Your base· ✓ Closed at 12:34 · 0t walls · 2 gate(s)
Feylosof's base· ✓ Closed at 11:07 · 0t walls · 3 gate(s)
kurtra27's base· ✓ Closed at 20:41 · 50t walls · 3 gate(s)
nonghomepage's base· ✓ Closed at 18:12 · 0t walls · 2 gate(s)
Gtwiz's base· ✓ Closed at 22:04 · 43t walls · 4 gate(s)
davidll_5's base· ✓ Closed at 13:45 · 0t walls · 3 gate(s)
livesey's base· ✓ Closed at 15:10 · 0t walls · 3 gate(s)
348429727's base· ✓ Closed at 12:25 · 0t walls · 2 gate(s)
Smoothed initial terrain · ◌ = detected wall gap · hover for details
Inputs per minute
— lvst09 - - Feylosof
Build order — lvst09
First 150 of 776 actions detected
| 0:04 | Create | Villager (Male) |
| 0:04 | Create | Villager (Male) |
| 0:06 | Create | Villager (Male) |
| 0:07 | Create | Villager (Male) |
| 0:07 | Create | Villager (Male) |
| 0:08 | Create | Villager (Male) |
| 0:24 | Build | House |
| 0:50 | Build | House |
| 1:06 | Create | Villager (Male) |
| 1:07 | Create | Villager (Male) |
| 1:07 | Create | Villager (Male) |
| 1:30 | Create | Villager (Male) |
| 1:31 | Create | Villager (Male) |
| 1:31 | Create | Villager (Male) |
| 1:32 | Create | Villager (Male) |
| 2:01 | Create | Villager (Male) |
| 2:02 | Create | Villager (Male) |
| 2:02 | Create | Villager (Male) |
| 2:02 | Create | Villager (Male) |
| 2:03 | Create | Villager (Male) |
| 2:14 | Create | Villager (Male) |
| 2:15 | Create | Villager (Male) |
| 2:15 | Create | Villager (Male) |
| 2:21 | Build | Mill |
| 3:05 | Create | Villager (Male) |
| 3:06 | Create | Villager (Male) |
| 3:06 | Create | Villager (Male) |
| 3:07 | Create | Villager (Male) |
| 3:12 | Create | Villager (Male) |
| 3:12 | Create | Villager (Male) |
| 3:12 | Create | Villager (Male) |
| 3:22 | Create | Villager (Male) |
| 3:23 | Create | Villager (Male) |
| 3:24 | Create | Villager (Male) |
| 3:47 | Create | Villager (Male) |
| 4:26 | Create | Villager (Male) |
| 4:54 | Build | House |
| 5:32 | Create | Villager (Male) |
| 5:43 | Build | Lumber Camp |
| 6:26 | Create | Villager (Male) |
| 6:29 | Research | Feudal Age |
| 6:55 | Build | House |
| 6:58 | Build | House |
| 7:20 | Create | Villager (Male) |
| 7:21 | Age | Feudal Age |
| 7:42 | Build | Mill |
| 8:17 | Create | Villager (Male) |
| 8:17 | Create | Villager (Male) |
| 8:48 | Build | Blacksmith |
| 8:56 | Create | Villager (Male) |
| 9:10 | Build | Mining Camp |
| 10:15 | Create | Villager (Male) |
| 10:15 | Create | Villager (Male) |
| 11:05 | Build | Market |
| 11:06 | Create | Villager (Male) |
| 11:06 | Create | Villager (Male) |
| 11:07 | Create | Villager (Male) |
| 11:10 | Create | Villager (Male) |
| 11:31 | Research | Double-Bit Axe |
| 11:35 | Research | Stone Mining |
| 11:36 | Research | Gold Mining |
| 11:36 | Research | Gold Mining |
| 11:42 | Research | Wheelbarrow |
| 11:43 | Research | Castle Age |
| 12:06 | Build | House |
| 12:07 | Build | House |
| 12:34 | Age | Castle Age |
| 12:51 | Research | Wheelbarrow |
| 12:59 | Research | Horse Collar |
| 13:09 | Research | Heavy Plow |
| 13:28 | Build | Town Center |
| 13:37 | Build | Town Center |
| 13:49 | Build | Farm |
| 13:51 | Build | Farm |
| 13:53 | Build | Farm |
| 13:55 | Build | Farm |
| 13:57 | Build | Farm |
| 13:58 | Build | Farm |
| 14:01 | Build | Farm |
| 14:03 | Build | Farm |
| 14:05 | Build | Farm |
| 14:06 | Build | Farm |
| 14:09 | Build | Farm |
| 14:11 | Build | Farm |
| 14:14 | Build | Farm |
| 14:16 | Build | Farm |
| 14:19 | Build | Farm |
| 14:22 | Build | Farm |
| 14:25 | Build | Farm |
| 14:29 | Build | Farm |
| 14:30 | Build | Farm |
| 14:32 | Build | Farm |
| 14:35 | Build | Farm |
| 14:37 | Build | Farm |
| 14:47 | Create | Villager (Male) |
| 15:13 | Create | Villager (Male) ×4 |
| 15:26 | Create | Villager (Male) |
| 15:27 | Create | Villager (Male) |
| 15:27 | Create | Villager (Male) |
| 15:42 | Build | Mining Camp |
| 15:49 | Research | Hand Cart |
| 15:53 | Create | Villager (Male) ×2 |
| 15:53 | Create | Villager (Male) ×2 |
| 15:54 | Create | Villager (Male) ×2 |
| 15:54 | Create | Villager (Male) ×2 |
| 15:54 | Create | Villager (Male) ×2 |
| 16:13 | Create | Villager (Male) ×4 |
| 16:14 | Create | Villager (Male) ×4 |
| 16:14 | Create | Villager (Male) ×4 |
| 16:38 | Create | Villager (Male) ×3 |
| 16:38 | Create | Villager (Male) ×3 |
| 16:39 | Create | Villager (Male) ×3 |
| 16:48 | Build | Monastery |
| 17:05 | Research | Loom |
| 17:06 | Research | Town Watch |
| 17:09 | Create | Villager (Male) ×5 |
| 17:10 | Create | Villager (Male) ×5 |
| 17:10 | Create | Villager (Male) ×5 |
| 17:10 | Create | Villager (Male) ×5 |
| 17:11 | Create | Villager (Male) ×3 |
| 17:11 | Create | Villager (Male) ×3 |
| 17:36 | Research | Stone Shaft Mining |
| 17:44 | Create | Villager (Male) ×5 |
| 17:45 | Create | Villager (Male) ×5 |
| 17:45 | Create | Villager (Male) ×5 |
| 17:45 | Create | Villager (Male) ×4 |
| 17:46 | Create | Villager (Male) |
| 17:46 | Create | Villager (Male) |
| 17:47 | Create | Villager (Male) |
| 17:52 | Research | Bow Saw |
| 18:10 | Research | Gold Shaft Mining |
| 18:16 | Create | Villager (Male) ×2 |
| 18:17 | Create | Villager (Male) ×2 |
| 18:40 | Build | House |
| 18:41 | Build | House |
| 18:41 | Build | House |
| 18:42 | Build | House |
| 18:42 | Build | House |
| 18:42 | Build | House |
| 18:43 | Build | House |
| 18:44 | Build | House |
| 18:44 | Build | House |
| 18:46 | Build | House |
| 18:46 | Build | House |
| 18:46 | Build | House |
| 18:47 | Build | House |
| 18:47 | Build | House |
| 18:48 | Build | House |
| 18:48 | Build | House |
| 19:19 | Build | Barracks |
Build order — Feylosof
First 150 of 770 actions detected
| 0:24 | Create | Villager (Male) |
| 0:25 | Create | Villager (Male) |
| 0:25 | Create | Villager (Male) |
| 1:12 | Build | House |
| 1:14 | Build | House |
| 1:24 | Build | House |
| 1:26 | Build | House |
| 1:54 | Create | Villager (Male) |
| 1:55 | Create | Villager (Male) |
| 1:56 | Create | Villager (Male) |
| 1:57 | Create | Villager (Male) |
| 2:31 | Build | Lumber Camp |
| 2:38 | Create | Villager (Male) |
| 2:39 | Create | Villager (Male) |
| 4:19 | Create | Villager (Male) |
| 4:20 | Create | Villager (Male) |
| 4:45 | Build | Mill |
| 5:09 | Research | Feudal Age |
| 5:46 | Build | Farm |
| 5:49 | Build | Farm |
| 5:53 | Build | Farm |
| 6:40 | Age | Feudal Age |
| 6:48 | Research | Double-Bit Axe |
| 6:52 | Research | Horse Collar |
| 6:55 | Create | Villager (Male) |
| 6:55 | Create | Villager (Male) |
| 6:55 | Create | Villager (Male) |
| 6:56 | Create | Villager (Male) |
| 7:27 | Build | Farm |
| 7:33 | Build | Farm |
| 7:39 | Build | Farm |
| 8:38 | Create | Villager (Male) |
| 8:40 | Create | Villager (Male) |
| 8:40 | Create | Villager (Male) |
| 8:49 | Build | Market |
| 8:55 | Build | Blacksmith |
| 9:27 | Research | Loom |
| 9:35 | Build | Farm |
| 9:55 | Research | Castle Age |
| 10:00 | Build | Farm |
| 10:07 | Build | House |
| 10:08 | Build | House |
| 10:10 | Build | House |
| 10:12 | Build | House |
| 11:07 | Age | Castle Age |
| 11:16 | Build | Monastery |
| 11:20 | Research | Bow Saw |
| 11:28 | Build | Town Center |
| 11:34 | Create | Villager (Male) |
| 11:34 | Create | Villager (Male) |
| 11:34 | Create | Villager (Male) |
| 11:35 | Create | Villager (Male) |
| 11:48 | Build | House |
| 11:51 | Research | Fervor |
| 11:52 | Create | Monk |
| 11:53 | Create | Monk |
| 12:11 | Build | Farm |
| 12:18 | Build | House |
| 12:25 | Create | Villager (Male) ×5 |
| 12:25 | Create | Villager (Male) ×5 |
| 12:25 | Create | Villager (Male) ×5 |
| 12:26 | Create | Villager (Male) ×4 |
| 12:43 | Create | Monk |
| 12:47 | Build | House |
| 12:49 | Build | House |
| 13:01 | Create | Villager (Male) ×2 |
| 13:33 | Build | House |
| 13:35 | Build | House |
| 13:48 | Build | Mining Camp |
| 14:14 | Build | House |
| 14:18 | Research | Stone Mining |
| 14:19 | Research | Gold Mining |
| 14:41 | Research | Wheelbarrow |
| 14:41 | Research | Town Watch |
| 14:45 | Create | Villager (Male) ×4 |
| 14:45 | Create | Villager (Male) ×4 |
| 14:52 | Build | Mining Camp |
| 14:56 | Research | Stone Shaft Mining |
| 15:05 | Create | Villager (Male) |
| 15:12 | Build | House |
| 15:13 | Build | House |
| 15:30 | Create | Villager (Male) |
| 15:31 | Create | Villager (Male) |
| 15:43 | Build | Farm |
| 15:48 | Build | House |
| 15:50 | Build | House |
| 16:03 | Build | Farm |
| 16:06 | Research | Heavy Plow |
| 16:14 | Research | Hand Cart |
| 16:41 | Build | House |
| 16:42 | Build | House |
| 17:24 | Build | Stone Wall |
| 17:32 | Build | University |
| 17:59 | Create | Villager (Male) ×5 |
| 18:00 | Create | Villager (Male) ×2 |
| 18:14 | Build | House |
| 18:16 | Build | House |
| 18:18 | Build | House |
| 18:43 | Research | Town Patrol |
| 18:43 | Create | Villager (Male) |
| 18:44 | Create | Villager (Male) |
| 18:44 | Create | Villager (Male) |
| 18:44 | Create | Villager (Male) |
| 18:45 | Create | Villager (Male) |
| 18:59 | Create | Villager (Male) ×2 |
| 19:02 | Build | Farm |
| 19:06 | Build | Farm |
| 19:10 | Build | Farm |
| 19:14 | Build | Farm |
| 19:17 | Build | Farm |
| 19:20 | Build | Farm |
| 19:22 | Build | Farm |
| 19:26 | Build | Farm |
| 19:38 | Build | Farm |
| 19:41 | Build | Farm |
| 21:00 | Build | Stone Wall |
| 21:06 | Research | Fortified Wall (upgrade) |
| 21:07 | Research | Masonry |
| 21:07 | Research | Heated Shot |
| 21:11 | Research | Imperial Age |
| 21:14 | Research | Ballistics |
| 21:15 | Research | Guard Tower (upgrade) |
| 21:17 | Research | Scale Mail Armor |
| 21:18 | Research | Forging |
| 21:18 | Research | Scale Barding Armor |
| 21:19 | Research | Padded Archer Armor |
| 21:19 | Research | Fletching |
| 21:23 | Create | Villager (Male) ×5 |
| 21:23 | Create | Villager (Male) |
| 22:07 | Build | Stone Wall |
| 22:27 | Age | Imperial Age |
| 22:27 | Research | Chain Mail Armor |
| 22:27 | Research | Iron Casting |
| 22:30 | Research | Chemistry |
| 22:33 | Research | Two-Man Saw |
| 22:35 | Research | Crop Rotation |
| 22:43 | Create | Villager (Male) ×5 |
| 22:52 | Create | Villager (Male) ×4 |
| 23:37 | Research | Bombard Tower (upgrade) |
| 23:38 | Research | Arrowslits |
| 23:41 | Research | Plate Mail Armor |
| 23:42 | Research | Blast Furnace |
| 23:50 | Build | Lumber Camp |
| 23:58 | Build | Farm |
| 24:01 | Build | Farm |
| 24:04 | Build | Farm |
| 24:07 | Build | Farm |
| 24:10 | Build | Farm |
| 24:13 | Build | Farm |
| 24:18 | Build | Farm |
Build order — kurtra27
First 150 of 804 actions detected
| 0:03 | Create | Villager (Male) |
| 0:03 | Create | Villager (Male) |
| 0:03 | Create | Villager (Male) |
| 0:04 | Create | Villager (Male) |
| 1:05 | Create | Villager (Male) |
| 1:51 | Build | Mill |
| 2:20 | Create | Villager (Male) |
| 2:20 | Create | Villager (Male) |
| 2:20 | Create | Villager (Male) |
| 2:21 | Create | Villager (Male) |
| 2:21 | Create | Villager (Male) |
| 3:59 | Create | Villager (Male) |
| 4:23 | Build | Lumber Camp |
| 4:37 | Build | Mining Camp |
| 5:53 | Research | Feudal Age |
| 6:33 | Build | Farm |
| 6:38 | Build | Farm |
| 6:41 | Build | Farm |
| 6:45 | Age | Feudal Age |
| 6:46 | Build | Farm |
| 6:49 | Build | Farm |
| 6:54 | Build | Farm |
| 6:59 | Create | Villager (Male) |
| 6:59 | Create | Villager (Male) |
| 6:59 | Create | Villager (Male) |
| 7:00 | Create | Villager (Male) |
| 7:00 | Create | Villager (Male) |
| 7:00 | Create | Villager (Male) |
| 7:01 | Create | Villager (Male) |
| 7:01 | Create | Villager (Male) |
| 7:42 | Research | Gold Mining |
| 7:44 | Research | Stone Mining |
| 8:04 | Create | Villager (Male) |
| 8:04 | Create | Villager (Male) |
| 8:04 | Create | Villager (Male) |
| 8:50 | Research | Wheelbarrow |
| 9:05 | Create | Villager (Male) |
| 9:05 | Create | Villager (Male) |
| 9:05 | Create | Villager (Male) |
| 9:06 | Create | Villager (Male) |
| 9:06 | Create | Villager (Male) |
| 9:06 | Create | Villager (Male) |
| 9:07 | Create | Villager (Male) |
| 9:07 | Create | Villager (Male) |
| 9:56 | Build | Farm |
| 10:00 | Build | Farm |
| 10:03 | Build | Farm |
| 10:10 | Build | Farm |
| 10:14 | Build | Farm |
| 10:18 | Build | Farm |
| 10:23 | Build | Farm |
| 10:29 | Create | Villager (Male) |
| 10:29 | Create | Villager (Male) |
| 10:29 | Create | Villager (Male) |
| 11:41 | Build | Stone Wall |
| 12:20 | Build | Farm |
| 12:29 | Create | Villager (Male) |
| 12:46 | Build | Blacksmith |
| 13:10 | Build | Barracks |
| 13:43 | Research | Double-Bit Axe |
| 14:15 | Build | Farm |
| 14:23 | Build | Farm |
| 14:30 | Build | Farm |
| 15:23 | Build | Farm |
| 15:49 | Build | Gate |
| 16:06 | Build | Farm |
| 16:19 | Create | Villager (Male) |
| 16:19 | Create | Villager (Male) |
| 16:20 | Create | Villager (Male) |
| 16:20 | Create | Villager (Male) |
| 16:20 | Create | Villager (Male) |
| 16:21 | Create | Villager (Male) |
| 16:21 | Create | Villager (Male) |
| 16:21 | Create | Villager (Male) |
| 16:55 | Build | Lumber Camp |
| 17:37 | Build | Farm |
| 17:41 | Build | Farm |
| 17:44 | Build | Farm |
| 18:30 | Build | Market |
| 18:52 | Research | Horse Collar |
| 19:04 | Build | Farm |
| 19:09 | Create | Villager (Male) |
| 19:12 | Create | Villager (Male) |
| 19:24 | Research | Castle Age |
| 19:42 | Build | Farm |
| 20:14 | Build | Stone Wall |
| 20:29 | Research | Arson |
| 20:40 | Research | Scale Barding Armor |
| 20:41 | Age | Castle Age |
| 20:42 | Research | Forging |
| 20:43 | Research | Scale Mail Armor |
| 20:46 | Research | Padded Archer Armor |
| 20:47 | Research | Fletching |
| 20:59 | Research | Hand Cart |
| 21:11 | Research | Bow Saw |
| 21:23 | Research | Gold Shaft Mining |
| 21:38 | Research | Heavy Plow |
| 21:43 | Create | Villager (Male) |
| 21:43 | Create | Villager (Male) |
| 21:44 | Create | Villager (Male) |
| 21:44 | Create | Villager (Male) |
| 21:44 | Create | Villager (Male) |
| 21:45 | Create | Villager (Male) |
| 21:45 | Create | Villager (Male) |
| 21:46 | Create | Villager (Male) |
| 21:46 | Create | Villager (Male) |
| 21:46 | Create | Villager (Male) |
| 21:47 | Create | Villager (Male) |
| 21:47 | Create | Villager (Male) |
| 21:47 | Create | Villager (Male) |
| 21:48 | Create | Villager (Male) |
| 21:48 | Create | Villager (Male) |
| 22:10 | Build | Mining Camp |
| 22:40 | Build | Town Center |
| 22:46 | Research | Chain Barding Armor |
| 22:47 | Research | Iron Casting |
| 22:49 | Research | Chain Mail Armor |
| 22:51 | Research | Leather Archer Armor |
| 22:53 | Research | Bodkin Arrow |
| 23:35 | Create | Villager (Male) |
| 23:35 | Create | Villager (Male) |
| 23:36 | Create | Villager (Male) |
| 23:36 | Create | Villager (Male) |
| 23:36 | Create | Villager (Male) |
| 23:37 | Create | Villager (Male) |
| 23:37 | Create | Villager (Male) |
| 23:37 | Create | Villager (Male) |
| 23:38 | Create | Villager (Male) |
| 23:38 | Create | Villager (Male) |
| 23:38 | Create | Villager (Male) |
| 23:39 | Create | Villager (Male) |
| 23:39 | Create | Villager (Male) |
| 23:39 | Create | Villager (Male) |
| 23:40 | Create | Villager (Male) |
| 23:40 | Create | Villager (Male) |
| 24:22 | Build | Castle |
| 24:48 | Build | Stone Wall |
| 25:21 | Research | Squires |
| 25:40 | Build | Stable |
| 25:45 | Build | Stable |
| 25:52 | Build | Stable |
| 26:00 | Build | Stable |
| 26:51 | Research | Imperial Age |
| 27:20 | Research | Husbandry |
| 27:25 | Research | Bloodlines |
| 27:45 | Build | Castle |
| 28:01 | Create | Knight |
| 28:01 | Create | Knight |
| 28:01 | Create | Knight |
| 28:02 | Create | Knight |
Build order — nonghomepage
First 150 of 2746 actions detected
| 0:29 | Create | Villager (Male) |
| 0:29 | Create | Villager (Male) |
| 0:29 | Create | Villager (Male) |
| 0:29 | Create | Villager (Male) |
| 0:29 | Create | Villager (Male) |
| 0:29 | Create | Villager (Male) |
| 0:29 | Create | Villager (Male) |
| 0:29 | Create | Villager (Male) |
| 0:29 | Create | Villager (Male) |
| 0:29 | Create | Villager (Male) |
| 0:29 | Create | Villager (Male) |
| 0:29 | Create | Villager (Male) |
| 0:29 | Create | Villager (Male) |
| 0:29 | Create | Villager (Male) |
| 0:29 | Create | Villager (Male) |
| 0:29 | Create | Villager (Male) |
| 0:29 | Create | Villager (Male) |
| 1:56 | Build | House |
| 1:57 | Build | House |
| 1:58 | Build | House |
| 2:21 | Build | House |
| 2:26 | Build | House |
| 2:27 | Build | House |
| 2:29 | Build | House |
| 3:33 | Create | Villager (Male) |
| 3:33 | Create | Villager (Male) |
| 3:33 | Create | Villager (Male) |
| 3:33 | Create | Villager (Male) |
| 3:33 | Create | Villager (Male) |
| 3:33 | Create | Villager (Male) |
| 3:33 | Create | Villager (Male) |
| 3:33 | Create | Villager (Male) |
| 3:34 | Create | Villager (Male) |
| 3:34 | Create | Villager (Male) |
| 3:34 | Create | Villager (Male) |
| 3:34 | Create | Villager (Male) |
| 3:34 | Create | Villager (Male) |
| 3:48 | Build | Mill |
| 6:12 | Build | Mining Camp |
| 6:36 | Research | Feudal Age |
| 6:39 | Create | Villager (Male) |
| 6:39 | Create | Villager (Male) |
| 6:40 | Create | Villager (Male) |
| 6:40 | Create | Villager (Male) |
| 7:28 | Age | Feudal Age |
| 7:32 | Research | Town Watch |
| 7:32 | Research | Wheelbarrow |
| 7:55 | Build | Lumber Camp |
| 8:28 | Research | Gold Mining |
| 8:29 | Research | Stone Mining |
| 8:52 | Research | Double-Bit Axe |
| 9:03 | Build | Farm |
| 9:32 | Build | Lumber Camp |
| 9:40 | Create | Villager (Male) |
| 9:40 | Create | Villager (Male) |
| 9:40 | Create | Villager (Male) |
| 9:41 | Create | Villager (Male) |
| 9:41 | Create | Villager (Male) |
| 9:41 | Create | Villager (Male) |
| 9:42 | Create | Villager (Male) |
| 10:23 | Create | Villager (Male) |
| 10:23 | Create | Villager (Male) |
| 10:23 | Create | Villager (Male) |
| 10:23 | Create | Villager (Male) |
| 10:23 | Create | Villager (Male) |
| 10:23 | Create | Villager (Male) |
| 10:23 | Create | Villager (Male) |
| 10:28 | Build | Farm |
| 10:57 | Build | Farm |
| 11:07 | Build | Farm |
| 11:39 | Build | Barracks |
| 12:11 | Build | Archery Range |
| 12:16 | Build | Stable |
| 12:37 | Research | Horse Collar |
| 12:44 | Build | Farm |
| 12:45 | Build | Farm |
| 12:52 | Build | Farm |
| 14:10 | Build | Farm |
| 14:20 | Research | Bloodlines |
| 14:39 | Create | Villager (Male) |
| 14:39 | Create | Villager (Male) |
| 14:39 | Create | Villager (Male) |
| 14:40 | Create | Villager (Male) |
| 14:40 | Create | Villager (Male) |
| 14:40 | Create | Villager (Male) |
| 14:54 | Research | Stone Mining |
| 15:14 | Build | Farm |
| 15:57 | Build | Lumber Camp |
| 16:04 | Build | Farm |
| 16:09 | Build | Farm |
| 16:32 | Build | House |
| 16:33 | Build | House |
| 16:34 | Build | House |
| 16:36 | Build | House |
| 16:38 | Build | House |
| 16:40 | Build | House |
| 16:41 | Build | House |
| 16:56 | Research | Castle Age |
| 16:57 | Research | Loom |
| 17:12 | Build | Farm |
| 17:37 | Build | Blacksmith |
| 17:49 | Build | Market |
| 18:12 | Age | Castle Age |
| 18:14 | Build | House |
| 18:15 | Build | House |
| 18:17 | Build | House |
| 18:19 | Build | House |
| 18:21 | Build | House |
| 18:22 | Build | House |
| 18:37 | Build | University |
| 18:40 | Research | Hand Cart |
| 18:41 | Research | Town Patrol |
| 19:08 | Build | Siege Workshop |
| 19:37 | Build | Farm |
| 19:50 | Build | Mill |
| 19:54 | Build | Farm |
| 20:12 | Build | Farm |
| 20:34 | Research | Heavy Plow |
| 20:40 | Research | Bow Saw |
| 20:42 | Research | Gold Shaft Mining |
| 20:47 | Research | Imperial Age |
| 21:06 | Research | Pikeman (upgrade) |
| 21:07 | Research | Squires |
| 21:08 | Research | Arson |
| 21:12 | Research | Elite Skirmisher (upgrade) |
| 21:13 | Research | Crossbowman (upgrade) |
| 21:14 | Research | Crossbowman (upgrade) |
| 21:19 | Research | Light Cavalry (upgrade) |
| 21:20 | Research | Husbandry |
| 21:38 | Build | Farm |
| 22:03 | Create | Villager (Male) |
| 22:03 | Age | Imperial Age |
| 22:03 | Create | Villager (Male) |
| 22:03 | Create | Villager (Male) |
| 22:04 | Create | Villager (Male) |
| 22:04 | Create | Villager (Male) |
| 22:22 | Build | Castle |
| 22:42 | Build | Farm |
| 23:25 | Research | Crop Rotation |
| 23:29 | Research | Two-Man Saw |
| 23:39 | Research | Heavy Scorpion (upgrade) |
| 23:39 | Research | Siege Elephant (upgrade) |
| 23:56 | Build | Farm |
| 24:18 | Build | Mill |
| 24:34 | Build | Farm |
| 24:48 | Build | Mining Camp |
| 25:02 | Research | Elite Battle Elephant (upgrade) |
| 25:19 | Create | Villager (Male) |
| 25:19 | Create | Villager (Male) |
| 25:19 | Create | Villager (Male) |
Build order — Gtwiz
First 150 of 830 actions detected
| 0:27 | Research | Loom |
| 0:27 | Create | Villager (Male) |
| 0:28 | Create | Villager (Male) |
| 0:28 | Create | Villager (Male) |
| 0:28 | Create | Villager (Male) |
| 1:24 | Build | Mill |
| 1:54 | Create | Villager (Male) |
| 3:10 | Create | Villager (Male) |
| 3:10 | Create | Villager (Male) |
| 3:10 | Create | Villager (Male) |
| 3:11 | Create | Villager (Male) |
| 3:11 | Create | Villager (Male) |
| 5:22 | Create | Villager (Male) |
| 5:22 | Create | Villager (Male) |
| 5:23 | Create | Villager (Male) |
| 5:26 | Create | Villager (Male) |
| 5:26 | Create | Villager (Male) |
| 5:28 | Create | Villager (Male) |
| 5:29 | Create | Villager (Male) |
| 5:33 | Create | Villager (Male) |
| 6:10 | Build | Lumber Camp |
| 6:58 | Research | Feudal Age |
| 7:00 | Create | Villager (Male) |
| 7:00 | Create | Villager (Male) |
| 7:01 | Create | Villager (Male) |
| 7:01 | Create | Villager (Male) |
| 7:02 | Create | Villager (Male) |
| 7:02 | Create | Villager (Male) |
| 7:02 | Create | Villager (Male) |
| 7:03 | Create | Villager (Male) |
| 7:03 | Create | Villager (Male) |
| 7:12 | Research | Feudal Age |
| 7:20 | Create | Villager (Male) |
| 7:21 | Create | Villager (Male) |
| 7:21 | Create | Villager (Male) |
| 7:21 | Create | Villager (Male) |
| 7:22 | Create | Villager (Male) |
| 7:22 | Create | Villager (Male) |
| 7:22 | Create | Villager (Male) |
| 7:23 | Create | Villager (Male) |
| 7:23 | Create | Villager (Male) |
| 7:23 | Create | Villager (Male) |
| 7:24 | Create | Villager (Male) |
| 7:24 | Create | Villager (Male) |
| 7:46 | Build | Mining Camp |
| 8:18 | Age | Feudal Age |
| 8:35 | Build | Barracks |
| 9:06 | Build | Watch Tower |
| 9:31 | Build | Barracks |
| 9:53 | Build | Market |
| 10:00 | Build | Market |
| 10:23 | Research | Double-Bit Axe |
| 10:26 | Research | Wheelbarrow |
| 10:27 | Research | Town Watch |
| 10:37 | Build | Farm |
| 11:00 | Build | Farm |
| 11:09 | Build | Farm |
| 11:18 | Build | Farm |
| 11:33 | Build | Farm |
| 13:24 | Build | Mining Camp |
| 14:01 | Create | Villager (Male) |
| 14:01 | Create | Villager (Male) |
| 14:01 | Create | Villager (Male) |
| 14:02 | Create | Villager (Male) |
| 14:02 | Create | Villager (Male) |
| 14:02 | Create | Villager (Male) |
| 14:03 | Create | Villager (Male) |
| 14:03 | Create | Villager (Male) |
| 14:04 | Create | Villager (Male) |
| 14:04 | Create | Villager (Male) |
| 14:04 | Create | Villager (Male) |
| 14:05 | Create | Villager (Male) |
| 14:05 | Create | Villager (Male) |
| 14:19 | Build | Farm |
| 14:46 | Build | Farm |
| 15:14 | Build | Farm |
| 16:35 | Build | Farm |
| 16:51 | Build | Watch Tower |
| 17:01 | Build | Watch Tower |
| 17:03 | Build | Watch Tower |
| 17:06 | Build | Watch Tower |
| 17:08 | Build | Watch Tower |
| 17:11 | Build | Watch Tower |
| 17:14 | Build | Watch Tower |
| 17:25 | Build | Stable |
| 17:27 | Build | Stable |
| 18:14 | Research | Arson |
| 18:15 | Research | Man-at-Arms (upgrade) |
| 18:20 | Research | Bloodlines |
| 18:37 | Build | Archery Range |
| 18:39 | Build | Archery Range |
| 19:04 | Build | Stone Wall |
| 19:20 | Build | Stone Wall |
| 19:24 | Build | Stone Wall |
| 19:26 | Build | Stone Wall |
| 19:28 | Build | Stone Wall |
| 19:30 | Build | Stone Wall |
| 20:20 | Build | Watch Tower |
| 20:22 | Build | Watch Tower |
| 20:29 | Build | Watch Tower |
| 20:47 | Build | Gate |
| 21:00 | Research | Castle Age |
| 21:29 | Build | Barracks |
| 21:40 | Build | Farm |
| 21:52 | Build | Farm |
| 22:04 | Age | Castle Age |
| 22:05 | Build | Farm |
| 22:30 | Build | Monastery |
| 22:41 | Build | University |
| 22:51 | Build | Watch Tower |
| 23:09 | Build | Mining Camp |
| 23:14 | Build | Mining Camp |
| 23:47 | Build | Gate |
| 24:11 | Research | Coinage |
| 24:12 | Research | Caravan |
| 24:20 | Research | Tech 908 |
| 24:21 | Research | Murder Holes |
| 24:23 | Research | Careening |
| 24:25 | Research | Masonry |
| 24:26 | Research | Ballistics |
| 24:33 | Research | Town Patrol |
| 24:34 | Research | Hand Cart |
| 24:35 | Research | Imperial Age |
| 24:37 | Create | Villager (Male) |
| 24:38 | Create | Villager (Male) |
| 24:38 | Create | Villager (Male) |
| 24:38 | Create | Villager (Male) |
| 24:39 | Create | Villager (Male) |
| 24:39 | Create | Villager (Male) |
| 24:39 | Create | Villager (Male) |
| 24:45 | Create | Villager (Male) |
| 24:47 | Research | Hand Cart |
| 24:49 | Create | Villager (Male) |
| 24:49 | Create | Villager (Male) |
| 24:57 | Research | Horse Collar |
| 25:03 | Research | Bow Saw |
| 25:09 | Research | Gold Mining |
| 25:10 | Research | Gold Mining |
| 25:12 | Research | Stone Mining |
| 25:16 | Research | Pikeman (upgrade) |
| 25:18 | Research | Squires |
| 25:41 | Build | Farm |
| 25:53 | Build | Farm |
| 26:03 | Build | Farm |
| 26:05 | Age | Imperial Age |
| 26:43 | Build | Castle |
| 27:33 | Research | Long Swordsman (upgrade) |
| 27:34 | Research | Halberdier (upgrade) |
| 27:38 | Research | Cavalier (upgrade) |
| 27:39 | Research | Husbandry |
Build order — davidll_5
First 150 of 530 actions detected
| 0:03 | Build | House |
| 0:07 | Build | House |
| 0:25 | Create | Villager (Male) |
| 0:26 | Create | Villager (Male) |
| 0:26 | Create | Villager (Male) |
| 0:26 | Create | Villager (Male) |
| 0:26 | Create | Villager (Male) |
| 0:26 | Create | Villager (Male) |
| 2:18 | Build | Lumber Camp |
| 2:55 | Create | Villager (Male) |
| 2:55 | Create | Villager (Male) |
| 2:55 | Create | Villager (Male) |
| 2:55 | Create | Villager (Male) |
| 2:55 | Create | Villager (Male) |
| 2:55 | Create | Villager (Male) |
| 2:56 | Create | Villager (Male) |
| 2:56 | Create | Villager (Male) |
| 2:56 | Create | Villager (Male) |
| 3:55 | Create | Villager (Male) |
| 4:22 | Create | Villager (Male) |
| 4:30 | Build | House |
| 4:33 | Build | House |
| 4:45 | Build | Mill |
| 5:23 | Build | Mill |
| 5:56 | Create | Villager (Male) |
| 5:56 | Create | Villager (Male) |
| 6:24 | Create | Villager (Male) |
| 6:28 | Create | Villager (Male) |
| 6:28 | Create | Villager (Male) |
| 6:30 | Create | Villager (Male) |
| 7:00 | Build | Mill |
| 7:13 | Research | Feudal Age |
| 7:46 | Create | Villager (Male) |
| 7:47 | Create | Villager (Male) |
| 7:47 | Create | Villager (Male) |
| 7:57 | Build | Mining Camp |
| 8:27 | Age | Feudal Age |
| 8:43 | Research | Double-Bit Axe |
| 8:46 | Research | Horse Collar |
| 8:57 | Build | Farm |
| 9:09 | Build | Farm |
| 9:10 | Build | Farm |
| 9:12 | Build | Farm |
| 9:24 | Build | House |
| 9:25 | Build | House |
| 9:27 | Build | House |
| 9:29 | Build | House |
| 9:30 | Build | House |
| 9:32 | Build | House |
| 9:34 | Build | House |
| 9:35 | Build | House |
| 9:36 | Build | House |
| 9:57 | Research | Wheelbarrow |
| 9:57 | Research | Wheelbarrow |
| 10:00 | Research | Town Watch |
| 10:02 | Create | Villager (Male) |
| 10:03 | Create | Villager (Male) |
| 10:03 | Create | Villager (Male) |
| 10:09 | Build | House |
| 10:13 | Build | House |
| 10:21 | Build | Farm |
| 10:24 | Build | Farm |
| 10:26 | Build | Farm |
| 10:28 | Build | Farm |
| 10:40 | Build | Lumber Camp |
| 10:48 | Build | Farm |
| 10:59 | Build | Farm |
| 11:13 | Build | Market |
| 11:38 | Create | Villager (Male) |
| 11:39 | Create | Villager (Male) |
| 11:46 | Build | Blacksmith |
| 11:59 | Build | House |
| 12:01 | Build | House |
| 12:03 | Build | House |
| 12:27 | Research | Castle Age |
| 12:34 | Build | Farm |
| 12:49 | Create | Villager (Male) |
| 12:50 | Create | Villager (Male) |
| 13:09 | Build | House |
| 13:10 | Build | House |
| 13:12 | Build | House |
| 13:14 | Build | House |
| 13:16 | Build | House |
| 13:20 | Build | House |
| 13:21 | Build | House |
| 13:24 | Build | House |
| 13:25 | Build | House |
| 13:27 | Build | House |
| 13:28 | Build | House |
| 13:29 | Build | House |
| 13:30 | Build | House |
| 13:34 | Build | House |
| 13:35 | Build | House |
| 13:37 | Build | House |
| 13:38 | Build | House |
| 13:45 | Age | Castle Age |
| 13:52 | Build | Town Center |
| 14:02 | Create | Villager (Male) |
| 14:03 | Create | Villager (Male) |
| 14:04 | Create | Villager (Male) |
| 14:22 | Create | Villager (Male) |
| 14:22 | Create | Villager (Male) |
| 14:22 | Create | Villager (Male) |
| 14:22 | Create | Villager (Male) |
| 14:23 | Create | Villager (Male) |
| 14:23 | Create | Villager (Male) |
| 14:23 | Create | Villager (Male) |
| 14:23 | Create | Villager (Male) |
| 15:07 | Build | Town Center |
| 16:03 | Create | Villager (Male) ×5 |
| 16:03 | Create | Villager (Male) ×5 |
| 16:03 | Create | Villager (Male) ×5 |
| 16:04 | Create | Villager (Male) ×5 |
| 16:04 | Create | Villager (Male) ×5 |
| 16:15 | Research | Bow Saw |
| 16:18 | Research | Heavy Plow |
| 16:27 | Research | Gold Mining |
| 16:29 | Research | Stone Mining |
| 16:29 | Research | Stone Mining |
| 16:35 | Build | Mining Camp |
| 16:39 | Build | Town Center |
| 17:13 | Build | Farm |
| 17:18 | Research | Hand Cart |
| 17:19 | Research | Town Patrol |
| 17:20 | Create | Villager (Male) |
| 17:20 | Create | Villager (Male) |
| 17:20 | Create | Villager (Male) |
| 17:20 | Create | Villager (Male) |
| 17:21 | Create | Villager (Male) |
| 17:32 | Research | Stone Shaft Mining |
| 17:49 | Build | House |
| 17:50 | Build | House |
| 17:52 | Build | House |
| 17:54 | Build | House |
| 17:55 | Build | House |
| 17:57 | Build | House |
| 17:58 | Build | House |
| 17:59 | Build | House |
| 18:01 | Build | House |
| 18:29 | Build | Farm |
| 18:31 | Build | Farm |
| 18:32 | Build | Farm |
| 18:46 | Build | Farm |
| 19:17 | Build | Mining Camp |
| 19:41 | Create | Villager (Male) ×5 |
| 19:42 | Create | Villager (Male) ×5 |
| 19:42 | Create | Villager (Male) ×5 |
| 19:50 | Build | Lumber Camp |
| 20:05 | Build | Mining Camp |
| 20:31 | Build | Monastery |
Build order — livesey
First 150 of 605 actions detected
| 0:08 | Build | House |
| 0:09 | Build | House |
| 0:10 | Build | House |
| 0:10 | Build | House |
| 0:33 | Build | Mill |
| 0:36 | Research | Loom |
| 0:37 | Create | Villager (Male) ×3 |
| 2:07 | Create | Villager (Male) |
| 3:15 | Create | Villager (Male) |
| 3:47 | Create | Villager (Male) |
| 3:48 | Create | Villager (Male) |
| 3:48 | Create | Villager (Male) |
| 3:48 | Create | Villager (Male) |
| 3:49 | Create | Villager (Male) |
| 4:04 | Build | Lumber Camp |
| 5:47 | Research | Feudal Age |
| 6:39 | Age | Feudal Age |
| 6:44 | Research | Wheelbarrow |
| 6:49 | Research | Horse Collar |
| 6:51 | Research | Double-Bit Axe |
| 6:56 | Create | Villager (Male) ×3 |
| 7:38 | Build | House |
| 7:40 | Build | House |
| 7:42 | Build | House |
| 8:02 | Build | Blacksmith |
| 8:42 | Build | Barracks |
| 9:22 | Build | Farm |
| 9:26 | Build | Farm |
| 9:31 | Build | Farm |
| 9:39 | Build | Farm |
| 9:43 | Build | Farm |
| 9:47 | Build | Farm |
| 9:53 | Build | Farm |
| 9:58 | Create | Villager (Male) ×5 |
| 10:07 | Build | House |
| 10:09 | Build | House |
| 10:11 | Build | House |
| 10:12 | Build | House |
| 10:41 | Build | Mining Camp |
| 10:54 | Build | Mining Camp |
| 11:01 | Create | Villager (Male) ×5 |
| 11:18 | Research | Gold Mining |
| 11:20 | Research | Stone Mining |
| 11:54 | Build | Archery Range |
| 13:20 | Build | Market |
| 13:21 | Research | Castle Age |
| 13:30 | Create | Eagle Scout |
| 13:31 | Create | Eagle Scout |
| 13:31 | Create | Eagle Scout |
| 13:42 | Build | Watch Tower |
| 14:14 | Build | Lumber Camp |
| 15:05 | Build | House |
| 15:06 | Build | House |
| 15:08 | Build | House |
| 15:08 | Build | House |
| 15:09 | Build | House |
| 15:10 | Age | Castle Age |
| 15:22 | Build | Town Center |
| 15:28 | Research | Hand Cart |
| 15:30 | Research | Heavy Plow |
| 15:33 | Research | Bow Saw |
| 15:35 | Create | Villager (Male) ×5 |
| 16:00 | Research | Town Watch |
| 16:37 | Build | Farm |
| 16:46 | Build | Farm |
| 16:52 | Create | Villager (Male) ×5 |
| 16:52 | Create | Villager (Male) ×5 |
| 16:53 | Create | Villager (Male) ×5 |
| 17:10 | Research | Stone Shaft Mining |
| 17:40 | Build | Farm |
| 17:43 | Research | Scale Mail Armor |
| 17:43 | Research | Padded Archer Armor |
| 17:45 | Research | Fletching |
| 18:01 | Build | Farm |
| 18:07 | Create | Villager (Male) ×3 |
| 18:35 | Build | Lumber Camp |
| 18:53 | Build | Town Center |
| 19:11 | Build | University |
| 19:18 | Build | Archery Range |
| 19:28 | Build | Castle |
| 19:48 | Build | Siege Workshop |
| 19:55 | Create | Villager (Male) ×5 |
| 19:56 | Create | Villager (Male) ×5 |
| 20:05 | Build | House |
| 20:06 | Build | House |
| 20:08 | Build | House |
| 20:09 | Build | House |
| 20:40 | Build | Watch Tower |
| 20:43 | Build | Watch Tower |
| 21:03 | Build | Barracks |
| 21:25 | Create | Villager (Male) ×5 |
| 21:31 | Research | Imperial Age |
| 21:42 | Create | Villager (Male) ×5 |
| 21:44 | Create | Villager (Male) ×5 |
| 21:57 | Build | House |
| 21:58 | Build | House |
| 21:59 | Build | House |
| 22:00 | Build | House |
| 22:14 | Research | Man-at-Arms (upgrade) |
| 22:15 | Research | Eagle Warrior (upgrade) |
| 22:15 | Research | Squires |
| 22:16 | Research | Arson |
| 22:20 | Research | Elite Skirmisher (upgrade) |
| 22:28 | Build | Farm |
| 22:35 | Build | Farm |
| 22:42 | Build | Farm |
| 22:55 | Build | Mill |
| 23:01 | Build | Farm |
| 23:21 | Create | Villager (Male) ×5 |
| 23:56 | Build | Castle |
| 24:23 | Build | Monastery |
| 24:32 | Build | Barracks |
| 24:42 | Build | House |
| 24:43 | Build | House |
| 24:46 | Age | Imperial Age |
| 25:05 | Build | Mining Camp |
| 25:15 | Research | Tech 27 |
| 25:16 | Research | Hoardings |
| 25:17 | Research | Hulche Javelineers |
| 25:19 | Research | Tech 4 |
| 25:20 | Research | Conscription |
| 25:35 | Research | Town Patrol |
| 25:38 | Research | Crop Rotation |
| 25:42 | Research | Two-Man Saw |
| 25:48 | Build | Farm |
| 25:53 | Build | Farm |
| 26:01 | Build | Farm |
| 26:09 | Build | Farm |
| 26:18 | Build | Farm |
| 26:24 | Build | Farm |
| 26:35 | Build | Barracks |
| 26:48 | Build | Watch Tower |
| 27:03 | Create | Villager (Male) |
| 27:03 | Create | Villager (Male) |
| 27:04 | Create | Villager (Male) |
| 27:16 | Research | Guard Tower (upgrade) |
| 27:17 | Research | Fortified Wall (upgrade) |
| 27:17 | Research | Murder Holes |
| 27:28 | Create | Plumed Archer ×5 |
| 27:31 | Create | Plumed Archer ×5 |
| 27:45 | Build | Castle |
| 27:53 | Research | Crossbowman (upgrade) |
| 27:54 | Research | Thumb Ring |
| 28:01 | Research | Long Swordsman (upgrade) |
| 28:06 | Research | Elite Eagle Warrior (upgrade) |
| 28:08 | Research | Pikeman (upgrade) |
| 28:18 | Build | Barracks |
| 28:25 | Build | Castle |
| 28:32 | Research | Onager (upgrade) |
| 28:34 | Research | Heavy Scorpion (upgrade) |
Build order — 348429727
First 150 of 818 actions detected
| 0:19 | Build | House |
| 0:23 | Create | Villager (Male) |
| 0:25 | Research | Loom |
| 0:25 | Research | Loom |
| 0:26 | Create | Villager (Male) |
| 0:26 | Create | Villager (Male) |
| 0:27 | Create | Villager (Male) |
| 0:27 | Create | Villager (Male) |
| 1:06 | Build | House |
| 1:28 | Build | House |
| 1:47 | Build | House |
| 1:52 | Build | House |
| 1:57 | Create | Villager (Male) |
| 1:58 | Create | Villager (Male) |
| 2:18 | Create | Villager (Male) |
| 2:18 | Create | Villager (Male) |
| 2:45 | Create | Villager (Male) |
| 2:45 | Create | Villager (Male) |
| 2:45 | Create | Villager (Male) |
| 2:46 | Create | Villager (Male) |
| 3:10 | Create | Villager (Male) |
| 3:10 | Create | Villager (Male) |
| 3:11 | Create | Villager (Male) |
| 3:11 | Create | Villager (Male) |
| 3:47 | Build | Mill |
| 4:32 | Create | Villager (Male) |
| 4:42 | Create | Villager (Male) |
| 4:42 | Create | Villager (Male) |
| 4:42 | Create | Villager (Male) |
| 4:43 | Create | Villager (Male) |
| 4:43 | Create | Villager (Male) |
| 4:43 | Create | Villager (Male) |
| 4:46 | Create | Villager (Male) |
| 4:46 | Create | Villager (Male) |
| 5:27 | Build | Lumber Camp |
| 6:12 | Research | Feudal Age |
| 6:12 | Research | Feudal Age |
| 6:45 | Create | Villager (Male) |
| 6:45 | Create | Villager (Male) |
| 7:13 | Age | Feudal Age |
| 7:30 | Build | House |
| 7:50 | Build | Lumber Camp |
| 7:56 | Research | Double-Bit Axe |
| 7:56 | Research | Double-Bit Axe |
| 8:06 | Build | Mining Camp |
| 8:15 | Build | Blacksmith |
| 8:21 | Research | Wheelbarrow |
| 8:22 | Create | Villager (Male) |
| 8:23 | Create | Villager (Male) |
| 8:23 | Create | Villager (Male) |
| 8:24 | Create | Villager (Male) |
| 8:24 | Create | Villager (Male) |
| 8:24 | Create | Villager (Male) |
| 8:25 | Create | Villager (Male) |
| 8:25 | Create | Villager (Male) |
| 8:25 | Create | Villager (Male) |
| 8:26 | Create | Villager (Male) |
| 8:26 | Create | Villager (Male) |
| 8:26 | Create | Villager (Male) |
| 8:27 | Create | Villager (Male) |
| 8:27 | Create | Villager (Male) |
| 8:27 | Create | Villager (Male) |
| 8:42 | Build | Farm |
| 8:51 | Build | Farm |
| 8:56 | Research | Horse Collar |
| 8:56 | Research | Horse Collar |
| 9:08 | Build | Market |
| 9:25 | Build | Farm |
| 9:37 | Build | Farm |
| 9:48 | Build | Farm |
| 10:01 | Build | Farm |
| 10:13 | Build | Farm |
| 10:19 | Build | Farm |
| 10:32 | Build | Farm |
| 10:37 | Build | Farm |
| 10:56 | Build | Farm |
| 11:21 | Research | Castle Age |
| 11:22 | Create | Villager (Male) |
| 11:32 | Build | Farm |
| 11:44 | Build | Mining Camp |
| 12:03 | Create | Villager (Male) |
| 12:10 | Research | Gold Mining |
| 12:11 | Research | Stone Mining |
| 12:12 | Research | Stone Mining |
| 12:21 | Build | Farm |
| 12:25 | Age | Castle Age |
| 12:33 | Build | House |
| 12:39 | Build | Monastery |
| 12:48 | Research | Bow Saw |
| 12:52 | Research | Hand Cart |
| 12:55 | Research | Heavy Plow |
| 12:59 | Research | Gold Shaft Mining |
| 13:04 | Research | Town Watch |
| 13:05 | Create | Villager (Male) |
| 13:05 | Create | Villager (Male) |
| 13:05 | Create | Villager (Male) |
| 13:06 | Create | Villager (Male) |
| 13:06 | Create | Villager (Male) |
| 13:06 | Create | Villager (Male) |
| 13:07 | Create | Villager (Male) |
| 13:07 | Create | Villager (Male) |
| 13:07 | Create | Villager (Male) |
| 13:08 | Create | Villager (Male) |
| 13:08 | Create | Villager (Male) |
| 13:08 | Create | Villager (Male) |
| 13:09 | Create | Villager (Male) |
| 13:35 | Build | Town Center |
| 13:52 | Build | University |
| 14:09 | Create | Monk |
| 14:27 | Build | House |
| 14:30 | Research | Fortified Wall (upgrade) |
| 14:54 | Build | House |
| 14:59 | Build | House |
| 15:02 | Build | House |
| 15:09 | Create | Villager (Male) |
| 15:09 | Create | Villager (Male) |
| 15:09 | Create | Villager (Male) |
| 15:17 | Research | Imperial Age |
| 15:17 | Research | Imperial Age |
| 15:42 | Build | Town Center |
| 15:51 | Build | Farm |
| 16:36 | Research | Town Patrol |
| 16:37 | Create | Villager (Male) |
| 16:37 | Create | Villager (Male) |
| 16:38 | Create | Villager (Male) |
| 16:49 | Age | Imperial Age |
| 17:09 | Research | Masonry |
| 17:10 | Research | Murder Holes |
| 17:11 | Research | Ballistics |
| 17:13 | Research | Arrowslits |
| 17:23 | Research | Two-Man Saw |
| 17:30 | Create | Villager (Male) |
| 17:31 | Create | Villager (Male) |
| 17:31 | Create | Villager (Male) |
| 17:31 | Create | Villager (Male) |
| 17:32 | Create | Villager (Male) |
| 18:03 | Create | Villager (Male) |
| 18:03 | Create | Villager (Male) |
| 18:04 | Create | Villager (Male) |
| 18:04 | Create | Villager (Male) |
| 18:04 | Create | Villager (Male) |
| 18:44 | Build | Mining Camp |
| 19:06 | Build | Lumber Camp |
| 19:53 | Build | Castle |
| 20:12 | Build | Mining Camp |
| 20:47 | Create | Villager (Male) |
| 20:47 | Create | Villager (Male) |
| 20:47 | Create | Villager (Male) |
| 20:48 | Create | Villager (Male) |
| 20:48 | Create | Villager (Male) |
Match timeline
| 6:39 | livesey · age_up feudal |
| 6:40 | Feylosof · age_up feudal |
| 6:45 | kurtra27 · age_up feudal |
| 7:13 | 348429727 · age_up feudal |
| 7:21 | lvst09 · age_up feudal |
| 7:28 | nonghomepage · age_up feudal |
| 8:18 | Gtwiz · age_up feudal |
| 8:27 | davidll_5 · age_up feudal |
| 8:35 | Gtwiz · first_building Barracks |
| 8:42 | livesey · first_building Barracks |
| 11:07 | Feylosof · age_up castle |
| 11:16 | Feylosof · first_building Monastery |
| 11:39 | nonghomepage · first_building Barracks |
| 11:41 | kurtra27 · wall_segment Stone Wall x33 |
| 11:54 | livesey · first_building Archery Range |
| 12:11 | nonghomepage · first_building Archery Range |
| 12:16 | nonghomepage · first_building Stable |
| 12:25 | 348429727 · age_up castle |
| 12:34 | lvst09 · age_up castle |
| 12:39 | 348429727 · first_building Monastery |
| 13:10 | kurtra27 · first_building Barracks |
| 13:45 | davidll_5 · age_up castle |
| 15:10 | livesey · age_up castle |
| 16:48 | lvst09 · first_building Monastery |
| 16:49 | 348429727 · age_up imperial |
| 17:24 | Feylosof · wall_segment Stone Wall x24 |
| 17:25 | Gtwiz · first_building Stable |
| 18:12 | nonghomepage · age_up castle |
| 18:37 | Gtwiz · first_building Archery Range |
| 19:04 | Gtwiz · wall_segment Stone Wall x19 |
| 19:08 | nonghomepage · first_building Siege Workshop |
| 19:19 | lvst09 · first_building Barracks |
| 19:20 | Gtwiz · wall_segment Stone Wall x20 |
| 19:24 | Gtwiz · wall_segment Stone Wall x1 |
| 19:25 | lvst09 · first_building Siege Workshop |
| 19:26 | Gtwiz · wall_segment Stone Wall x1 |
| 19:28 | Gtwiz · wall_segment Stone Wall x1 |
| 19:28 | livesey · first_building Castle |
| 19:30 | Gtwiz · wall_segment Stone Wall x1 |
| 19:48 | livesey · first_building Siege Workshop |
| 19:53 | 348429727 · first_building Castle |
| 20:14 | kurtra27 · wall_segment Stone Wall x17 |
| 20:31 | davidll_5 · first_building Monastery |
| 20:41 | kurtra27 · age_up castle |
| 21:00 | Feylosof · wall_segment Stone Wall x7 |
| 21:15 | livesey · first_market_sell 500 wood |
| 21:20 | lvst09 · first_building Stable |
| 21:34 | lvst09 · first_building Archery Range |
| 22:03 | nonghomepage · age_up imperial |
| 22:03 | davidll_5 · first_building Castle |
| 22:04 | Gtwiz · age_up castle |
| 22:07 | Feylosof · wall_segment Stone Wall x51 |
| 22:22 | nonghomepage · first_building Castle |
| 22:27 | Feylosof · age_up imperial |
| 22:30 | Gtwiz · first_building Monastery |
| 24:07 | davidll_5 · first_building Barracks |
| 24:10 | lvst09 · first_building Castle |
| 24:22 | kurtra27 · first_building Castle |
| 24:23 | livesey · first_building Monastery |
| 24:46 | livesey · age_up imperial |
| 24:48 | kurtra27 · wall_segment Stone Wall x8 |
| 25:40 | kurtra27 · first_building Stable |
| 26:05 | Gtwiz · age_up imperial |
| 26:25 | lvst09 · age_up imperial |
| 26:43 | Gtwiz · first_building Castle |
| 26:51 | 348429727 · first_building Siege Workshop |
| 27:04 | Feylosof · wall_segment Stone Wall x5 |
| 27:17 | davidll_5 · age_up imperial |
| 27:42 | Feylosof · first_building Castle |
| 28:22 | kurtra27 · age_up imperial |
| 28:35 | 348429727 · first_building Barracks |
| 29:11 | Feylosof · first_building Siege Workshop |
| 30:09 | 348429727 · first_building Stable |
| 32:25 | kurtra27 · first_building Siege Workshop |
| 32:38 | Feylosof · first_building Barracks |
| 34:38 | nonghomepage · first_building Monastery |
| 35:00 | kurtra27 · wall_segment Stone Wall x11 |
| 38:10 | livesey · wall_segment Stone Wall x24 |
| 38:23 | livesey · wall_segment Stone Wall x53 |
| 38:23 | davidll_5 · first_market_sell 500 wood |
| 38:46 | Feylosof · first_market_sell 500 wood |
| 39:50 | davidll_5 · resign |
| 40:12 | Gtwiz · first_market_sell 100 wood |
| 43:36 | nonghomepage · wall_segment Stone Wall x51 |
| 43:40 | nonghomepage · wall_segment Stone Wall x35 |
| 44:36 | 348429727 · wall_segment Stone Wall x38 |
| 45:26 | livesey · wall_segment Stone Wall x1 |
| 45:54 | lvst09 · wall_segment Stone Wall x1 |
| 47:17 | lvst09 · wall_segment Stone Wall x4 |
| 47:37 | 348429727 · first_market_buy 100 stone |
| 49:21 | 348429727 · wall_segment Stone Wall x1 |
| 49:43 | 348429727 · wall_segment Stone Wall x16 |
| 51:05 | lvst09 · wall_segment Stone Wall x34 |
| 51:16 | lvst09 · wall_segment Stone Wall x52 |
| 51:42 | kurtra27 · first_market_buy 100 stone |
| 51:51 | kurtra27 · first_market_sell 100 wood |
| 52:01 | 348429727 · wall_segment Stone Wall x13 |
| 52:54 | nonghomepage · first_market_sell 100 food |
| 54:04 | 348429727 · wall_segment Stone Wall x25 |
| 54:30 | kurtra27 · wall_segment Stone Wall x5 |
| 54:49 | lvst09 · wall_segment Stone Wall x6 |
| 55:31 | 348429727 · wall_segment Stone Wall x18 |
| 56:27 | lvst09 · wall_segment Stone Wall x33 |
| 66:01 | Feylosof · first_building Stable |
| 67:31 | 348429727 · wall_segment Stone Wall x7 |
| 77:12 | Feylosof · first_market_buy 500 stone |
| 80:36 | 348429727 · wall_segment Stone Wall x11 |
| 81:13 | 348429727 · wall_segment Stone Wall x4 |
| 81:22 | 348429727 · wall_segment Stone Wall x12 |
| 82:13 | nonghomepage · wall_segment Stone Wall x1 |
| 87:44 | 348429727 · wall_segment Stone Wall x13 |
| 88:33 | 348429727 · first_market_sell 100 food |
| 88:52 | nonghomepage · wall_segment Stone Wall x16 |
| 89:00 | nonghomepage · first_market_buy 100 stone |
| 89:18 | nonghomepage · wall_segment Stone Wall x4 |
| 89:53 | 348429727 · wall_segment Stone Wall x35 |
| 98:51 | livesey · wall_segment Stone Wall x8 |
| 108:03 | livesey · wall_segment Stone Wall x4 |
| 108:05 | livesey · wall_segment Stone Wall x3 |
| 108:33 | nonghomepage · wall_segment Stone Wall x6 |
| 110:17 | nonghomepage · wall_segment Stone Wall x7 |
| 123:48 | livesey · wall_segment Stone Wall x10 |
[ AI ANALYSIS · 1 CREDIT ]
What really happened in this match?
Wolo.gg analyzes every decision: build order, eco, micro, common mistakes by bracket. Personalized analysis on WhatsApp or Discord in 30 seconds.
Civ guide
Malay
Perfil
Jugador #2471127